 Dungeon Crawl Stone Soup version 0.28-b1-25-g9875b3fc8c (webtiles) character file.

Game seed: 6902762996855126536

2 croobank the Sneak (level 1, -5/10 HPs)
             Began as a Felid Delver on Feb 2, 2022.
             Slain by an orc (6 damage)
             ... on level 3 of the Dungeon.
             The game lasted 00:01:22 (107 turns).

croobank the Sneak (Felid Delver)                    Turns: 107, Time: 00:01:23

Health: -5/10      AC:  1    Str:  8    XL:     1   Next: 33%
Magic:  2/2        EV: 17    Int: 11    God:
Gold:   9          SH:  0    Dex: 17    Spells: 0/0 levels left
                                        Lives:  0   Deaths: 0

rFire   . . .      SeeInvis +     - Unarmed
rCold   . . .      Faith    .   (shield unavailable)
rNeg    . . .      Spirit   .   (armour unavailable)
rPois   .          Reflect  .   (helmet unavailable)
rElec   .          Harm     .   (cloak unavailable)
rCorr   .          Rampage  .   (gloves unavailable)
Will    .....                   (boots unavailable)
Stlth   ++++......              (no amulet)
HPRegen 0.03/turn               (no ring)
MPRegen 0.08/turn               (no ring)

@: hasted, very quick
A: very small, claws 1, fangs 3, see invisible, speed 1, shaggy fur 1, stealthy
paws, no weapons or thrown items, no armour, multi-lived
a: no special abilities


You were on level 3 of the Dungeon.
You visited 1 branch of the dungeon, and saw 3 of its levels.

You collected 9 gold pieces.

Inventory:

Wands
 e - a wand of digging (3)
Scrolls
 a - a scroll of fog
 c - a scroll of fear
 f - a scroll of teleportation {unknown}


   Skills:
 + Level 3.0 Fighting
 + Level 2.7 Dodging
 + Level 6.7 Stealth
 + Level 2.0 Unarmed Combat


You couldn't memorise any spells.
You didn't know any spells.
Your spell library was empty.

Dungeon Overview and Level Annotations

Branches:
Dungeon (5/15)
 Temple: D:4-7

Altars:


Innate Abilities, Weirdness & Mutations

You have sharp claws.
You have razor-sharp teeth.
You have supernaturally acute eyesight. (SInv)
You cover ground quickly. (Speed+)
You are covered in fur. (AC +1)
Your paws help you pounce on unaware monsters.
You are incapable of wielding weapons or throwing items.
You cannot wear armour.
You gain extra lives every three experience levels.


Message History

You feel aware of your surroundings.
Found a scroll labelled VAGGOGIJOIG and 11 gold pieces.
An orc comes into view. It is wielding a +0 flail.
A bat comes into view.
Found 13 gold pieces.
A hobgoblin comes into view.
You see here a scroll labelled VAGGOGIJOIG.
Found 14 gold pieces.
The orc shouts!
You hear a shout! x2
The orc completely misses you.
You scratch the orc. You bite the orc.
The orc is almost dead.
An orc comes into view. It is wielding a +3 whip.
The orc closely misses you.
You scratch the orc.
You kill the orc!
The bat hits you but does no damage. The bat completely misses you.
You see here a scroll labelled VAGGOGIJOIG.
The bat barely misses you.
The orc throws a boomerang.
The boomerang hits you.
Ouch! That really hurt!
The orc throws a boomerang.
The boomerang barely misses you. The bat completely misses you.
You closely miss the bat. You bite the bat.
The bat is moderately wounded.
The bat closely misses you.
You scratch the bat.
You kill the bat!
You feel yourself speed up.
You scratch the orc. You bite the orc, but do no damage.
The orc is heavily wounded.
You scratch the orc.
The orc is severely wounded.
The orc hits you with a +3 whip.
* * * LOW HITPOINT WARNING * * *
You scratch the orc.
The orc is almost dead.
The orc hits you with a +3 whip.
Ouch! That really hurt!
You die...

#################
................#########********
...............g?.)og....,,,,,,,,
##########.....o####....$,,,*****
# #......@# *,,...,,,* #
#.....#$# *,,,,.,,,*
#######.#**,,,,,,,,*
#.$**,,,,,,,,* ***********
##.#*,,,,,,,,* ,,,,,,,,,,*
*.#*,******** * *****,,,,,*
*.#*,* * *,,',,,,,* ***.#*,* *
*,**,,,,,*****,*,,*,* ***


You could see an orc and a hobgoblin.

Vanquished Creatures
  An orc (D:3)
  A bat (D:3)
2 creatures vanquished.

Notes
Turn   | Place    | Note
-------+----------+-------------------------------------------
     0 | D:5      | croobank the Felid Delver began the quest for the Orb.
     0 | D:5      | Reached XP level 1. HP: 10/10 MP: 2/2
    23 | D:5      | Noticed a hound
    23 | D:5      | Noticed a hound
   107 | D:3      | Slain by an orc

Illustrated notes

Levels and vault maps discovered:
D:3:      cheibrodos_thug_alley, layout_basic
D:4:      layout_loops_ring, minmay_temple_entry_drinking_statues, uniq_robin,
          uniq_ijyb, uniq_grinder
D:5:      minmay_inner_zag, layout_cave_pools, serial_shops,
          nicolae_shop_temple_entry_statues_fountains, minmay_starry_boxes,
          uniq_menkaure, uniq_prince_ribbit1, uniq_edmund, uniq_eustachio

Action                   || total
-------------------------++-------
Melee: Unarmed           ||     7
       Bite              ||     3
  Use: Scroll            ||     1
       Potion            ||     1
Armor: Skin              ||     1
Dodge: Dodged            ||     7
